[Event "Early-Titled-Tuesday-Blitz-August-29-2023"]
[Site "Chess.com"]
[Date "2023.08.29"]
[Round "8"]
[White "enriquebutti"]
[Black "DawidCzerw"]
[Result "0-1"]
[WhiteElo "2260"]
[BlackElo "2497"]
[TimeControl "180+1"]
[EndTime "9:25:19 PDT"]
[Termination "DawidCzerw won by resignation"]

1. d4 Nf6 2. Nf3 e6 3. e3 Be7 4.
Bd3 O-O 5. O-O b6 6. b3 Bb7 7.
Bb2 d6 8. c4 Nbd7 9. Nc3 c5 10.
Qe2 a6 11. Rad1 Qc7 12. d5 e5 13. Nd2 Rae8 14. f4 exf4 15. exf4 g6 16. Qf3 Nh5 17. Nce4 Ndf6 18. f5 Bc8 19. Nxf6+ Bxf6 20. Bxf6 Nxf6 21.
g4 Qe7 22. Rf2 Qe3 23. g5 Ng4 24. Qxg4 Qxd3 25. Rdf1 Bxf5 26. Qf4 Re2 27. Nf3 Rfe8 28. Qxd6 Bh3 29. Qf6 Rxf2 30. Rxf2 Qd1+ 0-1

[Event "Early-Titled-Tuesday-Blitz-August-29-2023"]
[Site "Chess.com"]
[Date "2023.08.29"]
[Round "8"]
[White "chess123456s"]
[Black "averageFM"]
[Result "0-1"]
[WhiteElo "2634"]
[BlackElo "2533"]
[TimeControl "180+1"]
[EndTime "9:25:27 PDT"]
[Termination "averageFM won by resignation"]

1. e4 c5 2. Nf3 e6 3. d4 cxd4 4. Nxd4 Nc6 5. Nc3 Qc7 6. Be3 a6 7. Qf3 Nf6 8. O-O-O h5 9. h3 Ne5 10. Qg3 h4 11. Qh2 b5 12. Bf4 d6 13. a3 Bb7 14. f3 Rc8 15. g3 Nh5 16. g4 Nxf4 17. Qxf4 d5 18. Kb1 Bd6 19. exd5 Nc4 20. Qc1 Bf4 21.
Ndxb5 axb5 22. Nxb5 Qe5 23. Bxc4 Bxc1 24. Kxc1 Rxc4 25.
dxe6 Qxb5 0-1

[Event "Early-Titled-Tuesday-Blitz-August-29-2023"]
[Site "Chess.com"]
[Date "2023.08.29"]
[Round "8"]
[White "Semetey"]
[Black "JoshuaGK27"]
[Result "1-0"]
[WhiteElo "2598"]
[BlackElo "2412"]
[TimeControl "180+1"]
[EndTime "9:25:29 PDT"]
[Termination "Semetey won on time"]

1. e4 c5 2. Nf3 d6 3. d4 cxd4 4. Nxd4 Nf6 5. Nc3 a6 6. a3 g6 7.
Bg5 Bg7 8. Qd2 h6 9. Be3 Nc6 10. f3 Bd7 11. Bc4 h5 12. h3 Rc8 13. Ba2 b5 14.
O-O-O h4 15. Kb1 O-O 16. Nd5 e6 17. Nxc6 Bxc6 18. Bb6 Qe8 19. Nxf6+ Bxf6 20. Qxd6 Ba8 21. Bc5 Bg7 22. Qb6 Rc6 23. Qa7 Qc8 24. Bxf8 Kxf8 25.
Rd7 Qe8 26. Rhd1 Bf6 27. e5 1-0

[Event "Early-Titled-Tuesday-Blitz-August-29-2023"]
[Site "Chess.com"]
[Date "2023.08.29"]
[Round "8"]
[White "Jackalhead_Anubis"]
[Black "kidagent"]
[Result "1-0"]
[WhiteElo "2436"]
[BlackElo "2278"]
[TimeControl "180+1"]
[EndTime "9:25:29 PDT"]
[Termination "Jackalhead_Anubis won by checkmate"]

1. e4 c5 2. Nf3 d6 3. d4 cxd4 4. Nxd4 Nf6 5. Nc3 a6 6. Bg5 e6 7. f4 b5 8. e5 dxe5 9. fxe5 Qc7 10. exf6 Qe5+ 11. Qe2 Qxg5 12. fxg7 Bxg7 13. Qe4 Ra7 14.
h4 Qg3+ 15. Kd1 Rd7 16. Ne2 Qf2 17. c3 Bb7 18. Qg4 f5 19. Qh5+ Kd8 20. Qg5+ Kc8 21. Kc2 Be4+ 22. Kb3 Bxd4 23. Nxd4 Rxd4 24. cxd4 Qc2+ 25.
Ka3 Nc6 26. b3 Qc3 27. Rc1 Qxd4 28. Be2 Rd8 29. Rhd1 Qb4+ 30. Kb2 Rxd1 31. Rxd1 Kb7 32. Rd7+ Kb6 33. Qe3+ Ka5 34. a3 Qf8 35. b4+ Ka4 36. Bd1+ Bc2 37. Qb3+ Bxb3 38. Bxb3# 1-0

[Event "Early-Titled-Tuesday-Blitz-August-29-2023"]
[Site "Chess.com"]
[Date "2023.08.29"]
[Round "8"]
[White "laskakid"]
[Black "BillCoe"]
[Result "1-0"]
[WhiteElo "2166"]
[BlackElo "2119"]
[TimeControl "180+1"]
[EndTime "9:25:29 PDT"]
[Termination "laskakid won by resignation"]

1. d4 d5 2. c4 e6 3. Nc3 Be7 4.
Nf3 Nf6 5. Bg5 O-O 6. e3 h6 7. Bh4 b6 8. cxd5 exd5 9. Bd3 Bb7 10. O-O c5 11. Qc2 cxd4 12. Nxd4 Nc6 13. a3 Nxd4 14. exd4 Rc8 15. Rfe1 Re8 16. Bf5 Rc7 17. Qa4 Bc6 18.
Qb3 Rb7 19. Rac1 a6 20. Qd1 Bd7 21. Bb1 Bg4 22. Qd3 Bh5 23. Bxf6 Bg6 24. Qxa6 Rd7 25.
Bxe7 Rdxe7 26. Rxe7 Rxe7 27. Bxg6 fxg6 28. h3 Qd6 29. Qa8+ Kh7 30. Qxd5 Qf4 31. Rf1 1-0

[Event "Early-Titled-Tuesday-Blitz-August-29-2023"]
[Site "Chess.com"]
[Date "2023.08.29"]
[Round "8"]
[White "Casper"]
[Black "Henryk_S"]
[Result "1-0"]
[WhiteElo "2395"]
[BlackElo "2118"]
[TimeControl "180+1"]
[EndTime "9:25:32 PDT"]
[Termination "Casper won on time"]

1. e4 e6 2. Bb5 a6 3. Ba4 c5 4. d4 b5 5. dxc5 bxa4 6. Be3 Qa5+ 7. Nc3 Bxc5 8. Bd4 Bxd4 9. Qxd4 Nf6 10. O-O-O a3 11. e5 Nc6 12. Qd2 axb2+ 13. Kb1 Nxe5 14. Qg5 Qxc3 15. Qxg7 Ng6 16. Ne2 Qe5 17. f4 Nh5 18.
Qh6 Qxe2 19. f5 Nhf4 20. fxg6 Nxg6 21. Rhe1 Qb5 22. Qg7 Rf8 23. h4 Bb7 24. Qf6 Ne7 25. Re5 Bd5 26. Re3 Rc8 27. Ra3 Qc6 28. Rd2 Bc4 29. Qf2 d5 30. Rc3 Qc5 31. Qg3 Qb5 32. Ra3 1-0

[Event "Early-Titled-Tuesday-Blitz-August-29-2023"]
[Site "Chess.com"]
[Date "2023.08.29"]
[Round "8"]
[White "19912131712118"]
[Black "cottage_cheese"]
[Result "1/2-1/2"]
[WhiteElo "2418"]
[BlackElo "2310"]
[TimeControl "180+1"]
[EndTime "9:25:33 PDT"]
[Termination "Game drawn by agreement"]

1. g3 d5 2. Bg2 g6 3. d3 Bg7 4.
Nf3 e5 5. O-O Ne7 6. c4 c6 7.
Nc3 O-O 8. cxd5 cxd5 9. e4 Nbc6 10.
Ng5 d4 11. Ne2 h6 12. Nh3 Be6 13. f4 Qd7 14. Nf2 f5 15. fxe5 Nxe5 16. Nf4 Bf7 17.
exf5 Nxf5 18. Ne4 Rad8 19. Nc5 Qb5 20. Nce6 Ne3 21. Bxe3 dxe3 22. Nxf8 Bxf8 23. a4 Qxb2 24. Rb1 Qd4 25. Qe2 Nxd3 26. Nxd3 Qxd3 27. Qxd3 Rxd3 28. Rxb7 Bc5 29. Rbxf7 e2+ 30. Kh1 Rd1 31. Rf3 exf1=Q+ 32. Rxf1 Rxf1+ 33. Bxf1 a5 34. Bc4+ Kg7 35. Kg2 g5 36.
Kf3 Bb4 37. Kg4 Bc3 38. Kf5 Bb4 39. h3 Bc3 40. g4 Bb4 41. Bd5 Bc3 1/2-1/2

[Event "Early-Titled-Tuesday-Blitz-August-29-2023"]
[Site "Chess.com"]
[Date "2023.08.29"]
[Round "8"]
[White "Gyulamiryan-koryun"]
[Black "Veleamater"]
[Result "0-1"]
[WhiteElo "2071"]
[BlackElo "2327"]
[TimeControl "180+1"]
[EndTime "9:25:35 PDT"]
[Termination "Veleamater won by checkmate"]

1. c4 d6 2. Nc3 g6 3. e4 Bg7 4. d4 Nf6 5. h3 O-O 6. Nf3 Nc6 7. Be3 h6 8. Be2 e5 9. d5 Ne7 10. g4 Nh7 11. Qd2 g5 12. Rc1 Ng6 13. h4 Nf4 14. hxg5 Nxe2 15. gxh6 Bf6 16. Nxe2 Bxg4 17. Nh2 Bh5 18.
Ng3 Bg6 19. Ng4 Kh8 20. Nh5 Be7 21. f3 Qd7 22. Ng7 f5 23. Nf2 f4 24. Bd4 exd4 25.
Qxd4 Bf6 26. Qd3 Ng5 27. Ng4 Bxe4 28. fxe4 Qxg4 29. Nf5 Nf3+ 30. Kf2 Ne5 31. Qh3 Qxh3 32. Rxh3 f3 33. h7 Nd3+ 34. Kxf3 Nxc1 35. Rh6 Bg7 36. Rg6 Rf7 37. Kg4 Nd3 38. Nh4 Ne5+ 39. Kh5 Nxg6 40. Nxg6+ Kxh7 41. Nh4 Bf6 42. Nf5 Rg8 43. Ne7 Bxe7 44. e5 Rf5# 0-1

[Event "Early-Titled-Tuesday-Blitz-August-29-2023"]
[Site "Chess.com"]
[Date "2023.08.29"]
[Round "8"]
[White "aranibos"]
[Black "salzikis"]
[Result "1-0"]
[WhiteElo "2299"]
[BlackElo "2400"]
[TimeControl "180+1"]
[EndTime "9:25:37 PDT"]
[Termination "aranibos won by resignation"]

1. Nf3 Nf6 2. d4 d5 3. Bg5 e6 4. Nbd2 Nbd7 5. c3 Be7 6. e3 Ne4 7. Nxe4 dxe4 8. Bxe7 Qxe7 9. Nd2 f5 10. Qh5+ g6 11.
Qh6 c6 12. Bc4 e5 13. Bb3 exd4 14. cxd4 Nf6 15. h3 Be6 16. Qf4 Nd5 17. Qe5 Kf7 18. Nc4 Rad8 19. O-O Rhe8 20. Qg3 Kg7 21. Ne5 Nf6 22.
f4 exf3 23. gxf3 Nh5 24. Qg2 f4 25. Rae1 a6 26. Ng4 Bxb3 27. axb3 fxe3 28. Rxe3 Qd6 29. Rxe8 Qxd4+ 30. Re3 Nf4 31. Qh2 h5 32. Kh1 hxg4 33.
Re7+ Kf8 34. Re4 Qd3 35. Qxf4+ Kg8 36. Rfe1 gxf3 37. Re8+ Rxe8 38. Rxe8+ Kg7 39. Qf8+ 1-0

[Event "Early-Titled-Tuesday-Blitz-August-29-2023"]
[Site "Chess.com"]
[Date "2023.08.29"]
[Round "8"]
[White "SaqoChess_Twitch"]
[Black "MarcoRiehle"]
[Result "0-1"]
[WhiteElo "2627"]
[BlackElo "2831"]
[TimeControl "180+1"]
[EndTime "9:25:41 PDT"]
[Termination "MarcoRiehle won by resignation"]

1. d4 d5 2. c4 e6 3. Nc3 c5 4. cxd5 cxd4 5. Qxd4 Nc6 6. Qa4 exd5 7. e3 d4 8. exd4 Qxd4 9. Qxd4 Nxd4 10. Bd3 Bf5 11. Bxf5 Nxf5 12. Nge2 O-O-O 13. O-O Nf6 14. Bg5 Be7 15.
Rac1 Kb8 16. Bf4+ Bd6 17. Bg5 Be5 18. f4 Bc7 19. Bxf6 gxf6 20. Ng3 Ne3 21. Rfe1 Bxf4 22.
Nce2 Bh6 23. Rc5 Rd2 24. Ne4 Rxb2 25. Nxf6 Nc2 26. Nd7+ Ka8 27. Rxc2 Rxc2 28. Kf2 Re8 29. Nf6 Re6 30. Ng4 Bd2 31. Rd1 Ba5 32. Ne3 Bb6 33.
Rd8+ Bxd8 34. Nxc2 Ra6 35. a3 Be7 36. g4 Bxa3 37. h4 Bc5+ 38. Kf3 Rf6+ 39. Ke4 Re6+ 40. Kd3 b5 41. Nf4 Rd6+ 42. Ke4 a5 43. Nd3 Bb6 44.
Na3 Rd4+ 45. Ke5 Rxd3 46. Nxb5 a4 47. g5 a3 48. Nxa3 Rxa3 49. Kf5 Rf3+ 50. Kg4 Rf2 51. Kh5 Rh2 52. g6 hxg6+ 53. Kh6 Rxh4+ 54. Kg7 0-1

[Event "Early-Titled-Tuesday-Blitz-August-29-2023"]
[Site "Chess.com"]
[Date "2023.08.29"]
[Round "8"]
[White "Khromkin"]
[Black "RIPOL"]
[Result "1-0"]
[WhiteElo "2346"]
[BlackElo "2435"]
[TimeControl "180+1"]
[EndTime "9:25:43 PDT"]
[Termination "Khromkin won by resignation"]

1. d4 Nf6 2. c4 e6 3. Nf3 d5 4. Nc3 Bb4 5. Qa4+ Nc6 6. Bd2 O-O 7. e3 Bd7 8. Qc2 a6 9. a3 Bxc3 10. Bxc3 dxc4 11. Bxc4 b5 12. Bd3 Re8 13. O-O h6 14. Rad1 Ne7 15. e4 Bc6 16. Ne5 Bb7 17. Rfe1 Qc8 18.
Re3 Nd7 19. Nxd7 Qxd7 20. Rg3 f6 21. Qc1 Kh8 22. d5 e5 23. Be2 Nc8 24. Bg4 Qe7 25. Bb4 Nd6 26. Rc3 Rac8 27. Bxc8 Rxc8 28. Qe3 Qd7 29. Bxd6 cxd6 30. Rdc1 Rxc3 31. Qxc3 Qg4 32. Qc7 Qf4 33. Rf1 1-0

[Event "Early-Titled-Tuesday-Blitz-August-29-2023"]
[Site "Chess.com"]
[Date "2023.08.29"]
[Round "8"]
[White "MdChess1734"]
[Black "vishwa_vijeta"]
[Result "0-1"]
[WhiteElo "2360"]
[BlackElo "2522"]
[TimeControl "180+1"]
[EndTime "9:25:47 PDT"]
[Termination "vishwa_vijeta won on time"]

1. e4 c5 2. Nf3 d6 3. d4 cxd4 4. Nxd4 Nf6 5. Nc3 g6 6. Be3 Bg7 7. f3 O-O 8. Bc4 Nc6 9. Qd2 Bd7 10. h4 h5 11. O-O-O Rc8 12. Bb3 Ne5 13. Bh6 a5 14. Bxg7 Kxg7 15. g4 a4 16. Nxa4 Bxa4 17. Bxa4 Nc4 18. Qg5 Rc5 19. Nf5+ Kg8 20. gxh5 Nxh5 21.
Rhg1 e6 22. Qxh5 Qf6 23. Rd4 exf5 24. Rgd1 gxh5 0-1

[Event "Early-Titled-Tuesday-Blitz-August-29-2023"]
[Site "Chess.com"]
[Date "2023.08.29"]
[Round "8"]
[White "GalaxyRoman"]
[Black "likantrophuss"]
[Result "0-1"]
[WhiteElo "2697"]
[BlackElo "2568"]
[TimeControl "180+1"]
[EndTime "9:25:48 PDT"]
[Termination "likantrophuss won on time"]

1. e4 d6 2. Nc3 g6 3. g3 Bg7 4.
Bg2 c5 5. d3 Nc6 6. Nge2 e5 7.
O-O Nge7 8. h3 Nd4 9. Kh2 O-O 10. f4 f6 11. Be3 Be6 12. Qd2 Rc8 13. fxe5 dxe5 14. b3 Qd7 15. Rac1 b6 16. Bh6 Rcd8 17. Bxg7 Kxg7 18. Nxd4 cxd4 19. Ne2 Rc8 20. Rf2 Rc6 21. Rcf1 Bg8 22. g4 h6 23. Ng3 Rfc8 24. h4 Qxg4 25. Bh3 Qxh4 26. Rg1 R8c7 27. Kg2 Qg5 28. Qe2 Qe3 29. Qd1 Be6 30. Bxe6 Rxe6 31. Kf1 Kf7 32. Qg4 Qc1+ 33. Kg2 Qg5 34. Qf3 Qe3 35. Qd1 Ke8 36.
Rgf1 Ng8 37. Rf3 Qg5 38. Kh1 h5 39. Ne2 Rec6 40. Rg3 Qh6 0-1

[Event "Early-Titled-Tuesday-Blitz-August-29-2023"]
[Site "Chess.com"]
[Date "2023.08.29"]
[Round "8"]
[White "Laico"]
[Black "mapleaff"]
[Result "0-1"]
[WhiteElo "2424"]
[BlackElo "2310"]
[TimeControl "180+1"]
[EndTime "9:25:48 PDT"]
[Termination "mapleaff won by resignation"]

1. e4 e5 2. Nc3 Nf6 3. f4 d5 4.
fxe5 Nxe4 5. Qf3 f5 6. d3 Nxc3 7. bxc3 Be6 8. d4 Be7 9. Ne2 O-O 10. Nf4 Qd7 11. Bd3 Nc6 12. O-O Nd8 13. Qg3 c5 14. Qf3 c4 15. Nxe6 Nxe6 16. Bxf5 g6 17. Qg4 Rxf5 18. Rxf5 Nxd4 19. Rf4 Qxg4 20. Rxg4 Ne2+ 21. Kf2 Nxc3 22. Be3 Rf8+ 23. Rf4 Ne4+ 24. Ke2 Rxf4 25.
Bxf4 Kf7 26. h3 Ke6 27. Rf1 a6 28. Rb1 Nc3+ 29. Ke1 Nxb1 0-1

[Event "Early-Titled-Tuesday-Blitz-August-29-2023"]
[Site "Chess.com"]
[Date "2023.08.29"]
[Round "8"]
[White "nassimzrikem"]
[Black "TigranHH"]
[Result "1-0"]
[WhiteElo "2091"]
[BlackElo "2242"]
[TimeControl "180+1"]
[EndTime "9:25:48 PDT"]
[Termination "nassimzrikem won by resignation"]

1. d4 Nf6 2. Nf3 d5 3. e3 Bf5 4. c4 e6 5. cxd5 exd5 6. Qb3 Qc8 7. Bd2 Bd6 8. Bb4 O-O 9. Bxd6 cxd6 10. Nc3 Nc6 11. Be2 Na5 12. Qa4 Nc4 13. Nxd5 Nxd5 14.
Qxc4 Qe6 15. O-O Rac8 16. Qb5 Rc7 17. Rac1 Rxc1 18. Rxc1 Nxe3 19. Qxb7 Nxg2 20. Kxg2 Qxe2 21. Re1 Qd3 22. Re3 Qd1 23. Qd5 Bd3 24. Re1 Qc2 25. Qxd6 Qxb2 26. Ne5 Bf5 27. Nc6 Qd2 28. Ne7+ Kh8 29. Ng6+ hxg6 30. Qxf8+ Kh7 31. Qe7 Qxd4 32. Re3 Qd5+ 33. Kg3 Qxa2 34. Qh4+ 1-0

[Event "Early-Titled-Tuesday-Blitz-August-29-2023"]
[Site "Chess.com"]
[Date "2023.08.29"]
[Round "8"]
[White "VOneChess"]
[Black "expii"]
[Result "1-0"]
[WhiteElo "2153"]
[BlackElo "2238"]
[TimeControl "180+1"]
[EndTime "9:25:51 PDT"]
[Termination "VOneChess won by resignation"]

1. e4 c5 2. Nf3 d6 3. d4 cxd4 4. Nxd4 Nf6 5. Nc3 g6 6. Be3 Bg7 7. f3 O-O 8. Bc4 Nc6 9. Qd2 Ne5 10. Bb3 Bd7 11. h4 h5 12. Bh6 Kh7 13. Bxg7 Kxg7 14. O-O-O Rc8 15. g4 hxg4 16. h5 Nxh5 17. Rdg1 Rh8 18.
fxg4 Bxg4 19. Nd5 Nf6 20. Ne3 Qd7 21. Nef5+ gxf5 22. Nxf5+ Qxf5 23. exf5 Nf3 24. Qf4 Rxh1 25. Rxh1 Rh8 26. Rxh8 Kxh8 27. Qh6+ Kg8 28. Qg6+ Kh8 29. Bxf7 Ne5 30. Qh6+ Nh7 31. Bg6 1-0

[Event "Early-Titled-Tuesday-Blitz-August-29-2023"]
[Site "Chess.com"]
[Date "2023.08.29"]
[Round "8"]
[White "Nathan_Filgueiras"]
[Black "Vanina1989"]
[Result "0-1"]
[WhiteElo "2527"]
[BlackElo "2691"]
[TimeControl "180+1"]
[EndTime "9:25:53 PDT"]
[Termination "Vanina1989 won by resignation"]

1. e4 c6 2. d4 d5 3. e5 c5 4.
dxc5 e6 5. Be3 Nd7 6. Bb5 Ne7 7. Bd4 Nc6 8. c3 Bxc5 9. Nf3 Nxd4 10. cxd4 Qa5+ 11.
Nc3 Bb4 12. Qd2 O-O 13. Bxd7 Bxd7 14. O-O Rac8 15. Rfc1 Rc4 16. a3 Be7 17. b4 Qc7 18.
Ne2 Rc8 19. Rxc4 dxc4 20. Nc3 Bc6 21. Rd1 Rd8 22. Qe3 b5 23. Nd2 a5 24. Rb1 axb4 25. axb4 Qa7 26. d5 Qxe3 27. fxe3 Bxd5 28. Nxd5 Rxd5 29.
Nf3 h5 30. Kf2 g5 31. Ke2 Kg7 32. Nd4 Bf8 33. Nc2 Rxe5 34. Ra1 Rd5 35. Ra7 c3 36. Rc7 Rd2+ 0-1

[Event "Early-Titled-Tuesday-Blitz-August-29-2023"]
[Site "Chess.com"]
[Date "2023.08.29"]
[Round "8"]
[White "slidingknight2775"]
[Black "colegiodemadrid"]
[Result "1-0"]
[WhiteElo "2575"]
[BlackElo "2438"]
[TimeControl "180+1"]
[EndTime "9:25:53 PDT"]
[Termination "slidingknight2775 won by resignation"]

1. d4 Nf6 2. c4 g6 3. Nc3 Bg7 4. Nf3 d6 5. Bg5 O-O 6. e3 h6 7. Bh4 g5 8. Bg3 c5 9. Qc2 Nh5 10. Be2 Nxg3 11. hxg3 cxd4 12. exd4 Nc6 13. Nxg5 f5 14. Nf3 Nxd4 15. Nxd4 Bxd4 16. Rxh6 Kg7 17. Qd2 Bf6 18. Nd5 Rh8 19. Rxh8 Qxh8 20. Nxf6 Kxf6 21.
Qd4+ e5 22. Qxd6+ Be6 23. O-O-O Rc8 24. Kb1 Rc6 25. Qd2 a6 26. b3 Rc7 27. f4 Rd7 28.
Qc3 Rxd1+ 29. Bxd1 Kf7 30. Qxe5 Qxe5 31. fxe5 Bc8 32. Kc2 Ke6 33. Kd3 Kxe5 34. Ke3 b6 35. Bf3 a5 36. a3 Be6 37. Bd5 Bd7 38. b4 axb4 39. axb4 b5 40. Bg8 bxc4 41. Bxc4 Bc6 42. Bf1 Bb7 43. b5 Bd5 44. b6 Bb7 45.
Be2 Kd6 46. Bf3 Bxf3 47. gxf3 Kc6 48. Kf4 Kxb6 49. Kxf5 Kc7 50. g4 Kd8 51. g5 Ke8 52. f4 Kf8 53. Kg4 Kg8 54. f5 Kf8 55. g6 Kg8 56. Kf4 Kf8 57. Kg5 Kg7 58. f6+ Kf8 59.
Kf5 Kg8 60. Ke6 Kf8 61. g7+ Kg8 62. f7+ Kxg7 63. Ke7 Kh7 64. f8=Q 1-0

[Event "Early-Titled-Tuesday-Blitz-August-29-2023"]
[Site "Chess.com"]
[Date "2023.08.29"]
[Round "8"]
[White "Jojo_898"]
[Black "AndresDelgado77"]
[Result "0-1"]
[WhiteElo "2397"]
[BlackElo "2270"]
[TimeControl "180+1"]
[EndTime "9:25:57 PDT"]
[Termination "AndresDelgado77 won by resignation"]

1. e4 e6 2. d4 d5 3. Nd2 Nc6 4. Ngf3 Nf6 5. e5 Nd7 6. Bd3 Nb4 7. Be2 f6 8. exf6 Qxf6 9. O-O Bd6 10. c4 c6 11. c5 Bc7 12. a3 Na6 13. Nb3 e5 14.
dxe5 Nxe5 15. Nxe5 Bxe5 16. f4 Bxb2 17. Bh5+ Kd8 18. Bxb2 Qxb2 19. Rf2 Qf6 20. Qd2 Nxc5 21. Nd4 Ne4 22. Qa5+ b6 23. Qa4 Bd7 24. Nf3 Qxa1+ 0-1

[Event "Early-Titled-Tuesday-Blitz-August-29-2023"]
[Site "Chess.com"]
[Date "2023.08.29"]
[Round "8"]
[White "carokannlover213"]
[Black "Boundless_Strike"]
[Result "1-0"]
[WhiteElo "2711"]
[BlackElo "2528"]
[TimeControl "180+1"]
[EndTime "9:26:04 PDT"]
[Termination "carokannlover213 won by resignation"]

1. e4 d6 2. d4 Nf6 3. Nc3 c6 4. f4 Qa5 5. Bd3 e5 6. Nf3 exd4 7. Nxd4 Qb6 8. Nb3 a5 9. a4 Na6 10. Qe2 Nb4 11. Be3 Qc7 12. h3 Be7 13. O-O O-O 14. Bc4 Re8 15. Bd4 Bd8 16. e5 dxe5 17. fxe5 Nfd5 18.
Ne4 Rxe5 19. Bxe5 Qxe5 20. c3 Bb6+ 21. Nd4 Bxd4+ 22. cxd4 Qxd4+ 23. Kh1 Be6 24. Ng5 Nf4 25. Nxe6 fxe6 26. Bxe6+ Kh8 27. Qc4 Nxe6 28. Qxe6 Qxb2 29. Rae1 h6 30. Qf7 Nd5 31. Re8+ Rxe8 32. Qxe8+ Kh7 33.
Rf8 Qc1+ 34. Kh2 Qf4+ 35. Rxf4 Nxf4 36. Qe4+ Ng6 37. Qf5 1-0

[Event "Early-Titled-Tuesday-Blitz-August-29-2023"]
[Site "Chess.com"]
[Date "2023.08.29"]
[Round "8"]
[White "Bauman_Guy"]
[Black "Ramosha"]
[Result "1-0"]
[WhiteElo "2809"]
[BlackElo "2585"]
[TimeControl "180+1"]
[EndTime "9:26:09 PDT"]
[Termination "Bauman_Guy won by resignation"]

1. e4 c6 2. d4 d5 3. e5 Bf5 4. h4 h5 5. Bd3 Bxd3 6. Qxd3 Qa5+ 7.
Nd2 e6 8. Nf3 Ne7 9. O-O Nf5 10.
a4 Qa6 11. c4 Nd7 12. b3 Be7 13. Ba3 Bxa3 14. Rxa3 O-O 15. Qc3 Rad8 16. c5 b6 17.
b4 bxc5 18. dxc5 f6 19. exf6 gxf6 20. Nb3 e5 21. Qc2 e4 22. Nbd4 Ng7 23. Nd2 Qc8 24. Rg3 Ne5 25. b5 f5 26. Rg5 Nf7 27. Nxc6 Rd7 28.
Rg3 f4 29. Rg6 Kh7 30. Nxe4 dxe4 31. Qxe4 Re8 32. Re6+ Kh8 33. Rxe8+ Qxe8 34. Qxf4 Rd5 35. Rc1 Rf5 36. Qe3 Qxe3 37. fxe3 Ne6 38. Nxa7 Nxc5 39. b6 Nd6 40. a5 Na6 41. Nc6 Nb7 42. Rd1 Kg7 43. Rd7+ Rf7 44. Rd5 Kg6 45. Ne5+ Kf6 46. Nxf7 Kxf7 47. Rd7+ 1-0

[Event "Early-Titled-Tuesday-Blitz-August-29-2023"]
[Site "Chess.com"]
[Date "2023.08.29"]
[Round "8"]
[White "bascheyaro"]
[Black "Mikedannnn"]
[Result "1-0"]
[WhiteElo "2811"]
[BlackElo "2593"]
[TimeControl "180+1"]
[EndTime "9:26:11 PDT"]
[Termination "bascheyaro won by resignation"]

1. d4 c5 2. c3 Nf6 3. Bf4 e6 4. Nf3 b6 5. Nbd2 Bb7 6. e3 Be7 7. Bd3 O-O 8. Qe2 cxd4 9. exd4 d6 10. O-O a6 11. Rfe1 Re8 12. Rad1 Nbd7 13. Ng5 Nf8 14. Nde4 Nxe4 15. Nxe4 Bxe4 16. Bxe4 d5 17. Bb1 Bd6 18. Be3 b5 19. a3 Qb8 20. g3 a5 21. f4 b4 22.
axb4 axb4 23. c4 dxc4 24. Qxc4 Nd7 25. d5 e5 26. Qc2 Nf6 27. fxe5 b3 28. Qd3 Rxe5 29.
Bd4 Rxd5 30. Qc4 Bxg3 31. Bxf6 Bxh2+ 32. Kh1 Rxd1 33. Rxd1 Qg3 34. Qe4 Qh3 35. Qxa8+ 1-0

[Event "Early-Titled-Tuesday-Blitz-August-29-2023"]
[Site "Chess.com"]
[Date "2023.08.29"]
[Round "8"]
[White "Muracle"]
[Black "Agibileg"]
[Result "0-1"]
[WhiteElo "2494"]
[BlackElo "2622"]
[TimeControl "180+1"]
[EndTime "9:26:12 PDT"]
[Termination "Agibileg won on time"]

1. d4 Nf6 2. c4 g6 3. Nf3 Bg7 4. g3 O-O 5. Bg2 d6 6. Nc3 c5 7. d5 e6 8. O-O exd5 9. cxd5 a6 10. a4 Nbd7 11. h3 Rb8 12. Bf4 Ne8 13. Bg5 Ndf6 14.
Bf4 b5 15. axb5 axb5 16. Nd2 b4 17. Na4 Nh5 18. Be3 Nc7 19. Nc4 Nb5 20. g4 Nf6 21. Bf4 Bb7 22. e4 Re8 23. e5 dxe5 24. Bxe5 Ra8 25.
Nxc5 Rxa1 26. Qxa1 Bxd5 27. Bxf6 Bxf6 28. Ne3 Bxg2 29. Kxg2 Bd4 30. Qa4 Qb6 31. Rc1 Bxc5 32. Nd5 Qc6 0-1

[Event "Early-Titled-Tuesday-Blitz-August-29-2023"]
[Site "Chess.com"]
[Date "2023.08.29"]
[Round "8"]
[White "attack2mateU"]
[Black "Zq1"]
[Result "1-0"]
[WhiteElo "2743"]
[BlackElo "2545"]
[TimeControl "180+1"]
[EndTime "9:26:13 PDT"]
[Termination "attack2mateU won by resignation"]

1. e4 c5 2. Nf3 d6 3. d4 cxd4 4.
Nxd4 Nf6 5. Nc3 Nc6 6. Bg5 e6 7.
Qd2 Be7 8. O-O-O O-O 9. f4 h6 10. Bxf6 Bxf6 11. Nxc6 bxc6 12. Qxd6 Qb6 13. e5 Rd8 14. Qa3 Qe3+ 15. Kb1 Rxd1+ 16. Nxd1 Qxa3 17. bxa3 Be7 18. Bc4 Rb8+ 19. Bb3 Bxa3 20. Ne3 Kf8 21. Rd1 Ke7 22. Nc4 Bc5 23. c3 g5 24. g3 Bd7 25. Nd6 gxf4 26. gxf4 Rg8 27. Nxf7 Rg2 28. Nxh6 Rxh2 29. Ng8+ Kf7 30. Rxd7+ Kxg8 31. Bxe6+ Kf8 32. f5 Bb6 33. f6 Rh5 34. Rg7 Rh8 35. Rg2 Bc7 36.
f7 Bxe5 37. Rg8+ 1-0

[Event "Early-Titled-Tuesday-Blitz-August-29-2023"]
[Site "Chess.com"]
[Date "2023.08.29"]
[Round "8"]
[White "LangesNasenhaar"]
[Black "Forge13"]
[Result "1-0"]
[WhiteElo "2481"]
[BlackElo "2640"]
[TimeControl "180+1"]
[EndTime "9:26:13 PDT"]
[Termination "LangesNasenhaar won by resignation"]

1. d4 Nf6 2. Nc3 d6 3. e4 e5 4.
Nf3 Nbd7 5. Rg1 h5 6. Bc4 exd4 7. Qxd4 c6 8. Bg5 Qb6 9. Qxb6 axb6 10. O-O-O b5 11. Bb3 b4 12. Ne2 Nxe4 13. Rge1 f5 14. Ng3 Nc5 15. Nd2 Kd7 16. Nxf5 Nxd2 17. Bxd2 Kc7 18.
Nd4 Nxb3+ 19. cxb3 Rxa2 20. Kb1 Ra5 21. Bxb4 Rb5 22. Nxb5+ cxb5 23. Re8 Bd7 24. Bxd6+ Kc6 25. Rxf8 1-0

[Event "Early-Titled-Tuesday-Blitz-August-29-2023"]
[Site "Chess.com"]
[Date "2023.08.29"]
[Round "8"]
[White "Djager97"]
[Black "pedromartinez91"]
[Result "1-0"]
[WhiteElo "2599"]
[BlackElo "2446"]
[TimeControl "180+1"]
[EndTime "9:26:13 PDT"]
[Termination "Djager97 won by resignation"]

1. e4 c5 2. Nf3 Nc6 3. Bb5 g6 4. O-O Bg7 5. c3 Nf6 6. Re1 O-O 7. d4 d5 8. e5 Ne4 9. Bxc6 bxc6 10. Be3 f5 11.
exf6 Bxf6 12. Nbd2 Bg4 13. h3 Nxd2 14. hxg4 Nxf3+ 15. gxf3 e5 16. dxe5 Bxe5 17. Bxc5 Bd6 18. Bxd6 Qxd6 19. Kg2 Rf4 20. Re3 Raf8 21. Qe2 Qf6 22. Re8 Rxe8 23. Qxe8+ Kg7 24. Qe3 h5 25. gxh5 gxh5 26.
Rg1 Kh8 27. Qe8+ Kg7 28. Qxh5 Kf8 29. Re1 Rf5 30. Qe8+ Kg7 31. Re7+ Kh6 32. Re6 1-0

[Event "Early-Titled-Tuesday-Blitz-August-29-2023"]
[Site "Chess.com"]
[Date "2023.08.29"]
[Round "8"]
[White "BillieKimbah"]
[Black "platy3"]
[Result "1-0"]
[WhiteElo "3038"]
[BlackElo "2925"]
[TimeControl "180+1"]
[EndTime "9:26:14 PDT"]
[Termination "BillieKimbah won on time"]

1. d4 Nf6 2. Nf3 d5 3. Bg5 c6 4.
e3 Bf5 5. Nbd2 e6 6. Be2 Nbd7 7. O-O Bd6 8. c4 O-O 9. Qb3 Qb6 10. c5 Qxb3 11. axb3 Bc7 12. b4 a6 13. Nb3 Rab8 14. Na5 h6 15. Bf4 Rfc8 16. Nxb7 Bxf4 17. exf4 Rxb7 18.
Bxa6 Rcb8 19. Bxb7 Rxb7 20. Ra8+ Kh7 21. Rc8 Rxb4 22.
Rxc6 Bd3 23. Rc1 Rxb2 24. Rc7 Bc4 25. c6 Nb8 26. Ne5 Rb6 27. h3 Ne8 28. Re7 Nxc6 29. Nxc6 Rxc6 30. Rxe8 Rb6 31. Ra1 Bd3 32. g4 Bg6 33. f5 exf5 34. Raa8 Rb1+ 35. Kg2 1-0